 Dungeon Crawl Stone Soup version 0.29-a0-557-g43b9904bd1 (webtiles) character file.

Game seed: 4750944314633728209

35003 MylesGorder the Severer (level 13, -2/133 (137) HPs)
             Began as a Minotaur Fighter on June 8, 2022.
             Was a High Priest of Qazlal.
             Slain by a +0 morningstar of draining (9 damage)
             ... animated by Zenata
             ... on level 1 of the Elven Halls.
             The game lasted 00:40:40 (17292 turns).

MylesGorder the Severer (Minotaur Fighter)         Turns: 17292, Time: 00:40:40

HP:   -2/133 (137)  AC: 27    Str: 30    XL:     13   Next: 45%
MP:   19/19         EV:  7    Int:  5    God:    Qazlal [*****.]
Gold: 141           SH: 13    Dex: 13    Spells: 12/12 levels left

rFire   + . .      SeeInvis .   a - +2 war axe (venom)
rCold   . . .      Faith    .   c - +0 buckler
rNeg    + . .      Spirit   .   q - +8 plate armour
rPois   +          Reflect  .   (helmet unavailable)
rElec   .          Harm     .   g - +0 cloak
rCorr   +          Rampage  .   (no gloves)
Will    .....                   (no boots)
Stlth   ..........              (no amulet)
HPRegen 0.32/turn               s - ring "Leunucou" {rF+ rN+ rCorr Str+3}
MPRegen 0.16/turn               B - ring of poison resistance

@: about to teleport, protected from physical damage, lightly drained, repel
missiles
A: horns 3, retaliatory headbutt, beak, agile 1, robust 1, strong 1
a: Renounce Religion, Upheaval, Elemental Force, Disaster Area


You were on level 1 of the Elven Halls.
You worshipped Qazlal.
Qazlal was extremely pleased with you.
You visited 4 branches of the dungeon, and saw 14 of its levels.

You collected 1698 gold pieces.
You spent 1557 gold pieces at shops.

Inventory:

Hand Weapons
 a - a +2 war axe of venom (weapon)
 p - a +4 quarterstaff of chaos
 t - a +2 dire flail of protection
Armour
 b - a +0 scale mail
 c - a +0 buckler (worn)
 g - a +0 cloak (worn)
 q - a +8 plate armour (worn)
 y - +0 steam dragon scales
 z - +0 steam dragon scales
Jewellery
 h - a +4 ring of evasion
 l - a ring of wizardry
 s - the ring "Leunucou" (left hand) {rF+ rN+ rCorr Str+3}
   (You bought it in a shop on level 1 of the Orcish Mines)

   [ring of protection from fire]

   Str:       It affects your strength (+3).
   rF:        It protects you from fire.
   rN:        It protects you from negative energy.
   rCorr:     It protects you from acid and corrosion.
 B - a ring of poison resistance (right hand)
 C - an amulet of magic regeneration
Wands
 d - a wand of mindburst (7)
 f - a wand of iceblast (24)
 i - a wand of paralysis (21)
 w - a wand of charming (6)
Scrolls
 k - 5 scrolls of teleportation
 m - 2 scrolls of summoning
 o - 5 scrolls of identify
 r - a scroll of vulnerability
 u - 4 scrolls of magic mapping
 v - 3 scrolls of immolation
 A - a scroll of fog
Potions
 e - a potion of invisibility
 j - 7 potions of curing
 n - a potion of flight


   Skills:
 + Level 14.8 Fighting
 - Level 17.3 Axes
 + Level 10.9 Armour
 - Level 1.0 Stealth
 + Level 6.4 Shields
 * Level 9.7 Invocations


You had 12 spell levels left.
You didn't know any spells.
Your spell library contained the following spells:

 Spells                   Type           Power      Damage    Failure   Level
 Ensorcelled Hibernation  Hex/Ice        0%         N/A       100%        2
 Poisonous Vapours        Pois/Air       0%         N/A       100%        2
 Sublimation of Blood     Necr           0%         N/A       100%        2
 Wereblood                Tmut           0%         N/A       100%        2
 Dazzling Flash           Conj/Hex       0%         N/A       100%        3
 Ignite Poison            Fire/Tmut/Pois 0%         N/A       100%        3
 Mephitic Cloud           Conj/Pois/Air  0%         N/A       100%        3
 Spider Form              Tmut/Pois      0%         N/A       100%        3
 Anguish                  Hex/Necr       0%         N/A       100%        4
 Summon Lightning Spire   Summ/Air       0%         N/A       100%        4
 Fireball                 Conj/Fire      0%         3d3       100%        5
 Freezing Cloud           Conj/Ice/Air   0%         6-21      100%        5
 Starburst                Conj/Fire      0%         6d3       100%        6
 Enfeeble                 Hex            0%         N/A       100%        7
 Summon Hydra             Summ           0%         N/A       100%        7
 Ignition                 Fire           0%         3d3       100%        8


Dungeon Overview and Level Annotations

Branches:
Dungeon (10/15)            Temple (1/1) D:5             Orc (2/2) D:10
    Elf (1/3) Orc:2
   Lair: D:8-11

Altars:
Dithmenos
Fedhas
Makhleb
Qazlal
Ru
The Shining One

Shops:
D:9 *   Orc:1 =?*(   Orc:2 ?*?*

Annotations:
Elf:1 Zenata


Innate Abilities, Weirdness & Mutations

You have a pair of large horns on your head.
You reflexively headbutt those who attack you in melee.
You have a beak for a mouth.
You are agile. (Dex +2)
You are robust. (+10% HP)
Your muscles are strong. (Str +2)


Message History

Zenata is moderately wounded.
You barely miss the +0 morningstar of draining.
You barely miss the +3 glaive of protection.
You hit the +0 battleaxe of electrocution but do no damage.
The +3 glaive of protection hits you.
You feel more protected from physical attacks.
The +0 morningstar of draining hits you!
You feel more protected from physical attacks.
You partially resist.
You feel drained. Zenata hits you but does no damage.
The +0 battleaxe of electrocution hits you but does no damage.
You slash Zenata!
Zenata looks as sick as possible!
Your headbutt misses Zenata.
Zenata is moderately wounded.
You miss the +0 morningstar of draining.
You closely miss the +3 glaive of protection.
You barely miss the +0 battleaxe of electrocution.
You block the +0 morningstar of draining's attack.
The +3 glaive of protection hits you but does no damage.
The +0 battleaxe of electrocution hits you!!
You feel more protected from physical attacks.
Zenata hits you with a +5 triple sword.
The +0 morningstar of draining hits you but does no damage.
You partially resist.
The +3 glaive of protection is engulfed in freezing vapours.
The +3 glaive of protection hits you.
As you read the scroll of teleportation, it crumbles to dust.
You feel strangely unstable.
The +0 battleaxe of electrocution hits you.
* * * LOW HITPOINT WARNING * * *
You feel more protected from physical attacks.
You are electrocuted!
* * * LOW HITPOINT WARNING * * *
You block the +0 morningstar of draining's attack.
The +3 glaive of protection hits you!!
* * * LOW HITPOINT WARNING * * *
You feel more protected from physical attacks.
The +0 battleaxe of electrocution hits you.
* * * LOW HITPOINT WARNING * * *
The +0 morningstar of draining hits you!
You die...

##..#..#.#..#..#..
##..#...##...#...#.
##..#..#.#...... .
#
##..#.#...##...#..
##..#...#..# #..#..
+..#..#..#)#
#.#.○.#°..##
#...((°...#
#.#°○@#...##
#...#(a#..#.#
##..(#(°.#..#
##...#.#...# ##..
#. ..+ ##. #. . ##
#.


You could see Zenata (extremely poisoned) and 5 dancing weapons.

Vanquished Creatures
  An orc warlord (Orc:1)
  4 ogre magi (Orc:2)
  3 centaur warriors (D:8)
  2 dancing weapons (Elf:1)
  10 two-headed ogres
  2 deep elf knights (Elf:1)
  A deep elf archer (Elf:1)
  2 orc knights
  2 deep elf pyromancers (Elf:1)
  5 deep elf zephyrmancers (Elf:1)
  3 cyclopes (D:8)
  4 orc sorcerers
  A gargoyle (D:8)
  2 kobold demonologists (D:9)
  A komodo dragon (D:9)
  4 trolls
  A hornet (D:9)
  A vampire (D:10)
  2 shadows
  A wraith (D:10)
  2 wyverns
  A water elemental (Elf:1)
  4 yaks (D:9)
  2 steam dragons (D:7)
  6 wargs
  A water moccasin (D:7)
  23 orc warriors
  3 black bears
  An ice beast (D:8)
  33 ogres
  6 centaurs
  4 phantoms
  7 kobold brigands
  A gnoll sergeant (D:10)
  9 bullfrogs
  3 scorpions
  An earth elemental (Elf:1)
  3 wights (D:9)
  2 troll zombies (D:10)
  7 killer bees
  2 howler monkeys
  A hound (D:5)
  5 jellies
  3 gnoll shamans
  16 orc priests
  Crazy Yiuf (D:2)
  Natasha (D:2)
  35 orc wizards
  A scorpion zombie (D:3)
  Ijyb (D:5)
  7 iguanas
  4 ogre zombies (D:10)
  A hound skeleton (D:3)
  Robin (D:3)
  23 gnolls
  9 adders
  A shadow imp (D:3)
  3 white imps
  An ufetubus (D:5)
  An adder zombie (D:3)
  86 orcs
  8 ball pythons
  6 endoplasms
  A giant cockroach (D:4)
  13 goblins
  5 hobgoblins
  4 quokkas
  2 bats
  4 frilled lizards
  A goblin skeleton (D:10)
  3 hobgoblin zombies (D:10)
  12 kobolds
  3 orc skeletons (D:10)
  12 orc zombies (D:10)
  4 rats
452 creatures vanquished.

Vanquished Creatures (collateral kills)
  An orc warrior (Orc:2)
  An orc priest (Orc:2)
2 creatures vanquished.

Vanquished Creatures (others)
  A deep elf knight (Elf:1)
  An orc (Orc:2)
  5 fungi (D:7)
  6 withered plants (D:3)
13 creatures vanquished.

Grand Total: 467 creatures vanquished

Notes
Turn   | Place    | Note
-------+----------+-------------------------------------------
     0 | D:1      | MylesGorder the Minotaur Fighter began the quest for the
                  | Orb.
     0 | D:1      | Reached XP level 1. HP: 19/19 MP: 0/0
   363 | D:1      | Reached XP level 2. HP: 23/27 MP: 1/1
   905 | D:2      | Noticed Natasha
   913 | D:2      | Killed Natasha
   914 | D:2      | Reached skill level 3 in Axes
   914 | D:2      | Reached XP level 3. HP: 33/33 MP: 2/2
  1121 | D:2      | Found a runed translucent door.
  1122 | D:2      | Noticed Crazy Yiuf
  1314 | D:2      | Found a faded altar of an unknown god.
  1778 | D:2      | Killed Crazy Yiuf
  1779 | D:2      | Reached XP level 4. HP: 29/40 MP: 3/3
  1918 | D:3      | Reached skill level 4 in Axes
  1918 | D:3      | Noticed Robin
  1937 | D:3      | Killed Robin
  2159 | D:3      | Reached XP level 5. HP: 39/47 MP: 4/4
  2176 | D:3      | Reached skill level 5 in Axes
  3049 | D:4      | Reached XP level 6. HP: 47/53 MP: 5/5
  3136 | D:4      | Reached skill level 5 in Armour
  3211 | D:4      | Reached skill level 6 in Axes
  3550 | D:4      | HP: 4/82 [something (3)]
  3554 | D:4      | Reached skill level 5 in Fighting
  4007 | D:4      | Reached XP level 7. HP: 29/61 MP: 6/6
  4507 | D:4      | Reached skill level 7 in Axes
  4535 | D:5      | Entered Level 5 of the Dungeon
  4646 | D:5      | Reached skill level 5 in Shields
  4646 | D:5      | HP: 2/62 [black bear (2)]
  4648 | D:5      | Reached XP level 8. HP: 3/70 MP: 7/7
  5125 | D:5      | Reached skill level 8 in Axes
  5147 | D:5      | Found a staircase to the Ecumenical Temple.
  5177 | Temple   | Entered the Ecumenical Temple
  5200 | Temple   | Became a worshipper of Qazlal Stormbringer
  5668 | D:5      | Noticed Ijyb
  5679 | D:5      | Killed Ijyb
  6227 | D:5      | Reached skill level 1 in Invocations
  6312 | D:5      | Gained mutation: You are agile. (Dex +2) [potion of
                  | mutation]
  6312 | D:5      | Gained mutation: You are very agile. (Dex +4) [potion of
                  | mutation]
  6312 | D:5      | Gained mutation: You have a pair of large horns on your
                  | head. [potion of mutation]
  6312 | D:5      | Gained mutation: You have hidden genetic potential. [potion
                  | of mutation]
  6313 | D:5      | Lost mutation: You are very agile. (Dex +4) [potion of
                  | mutation]
  6313 | D:5      | Lost mutation: You have hidden genetic potential. [potion
                  | of mutation]
  6313 | D:5      | Gained mutation: Your muscles are strong. (Str +2) [potion
                  | of mutation]
  6313 | D:5      | Gained mutation: You have a beak for a mouth. [potion of
                  | mutation]
  6313 | D:5      | Gained mutation: You are robust. (+10% HP) [potion of
                  | mutation]
  6579 | D:6      | Reached * piety under Qazlal
  7170 | D:6      | Reached skill level 1 in Stealth
  7170 | D:6      | Reached XP level 9. HP: 86/86 MP: 8/10
  8183 | D:7      | Reached ** piety under Qazlal
  8226 | D:7      | Reached skill level 10 in Armour
  8776 | D:7      | Reached skill level 9 in Axes
  9324 | D:8      | Noticed a centaur warrior
  9329 | D:8      | Noticed a centaur warrior
  9336 | D:8      | Killed a centaur warrior
  9337 | D:8      | Reached skill level 10 in Axes
  9337 | D:8      | Reached skill level 5 in Invocations
  9337 | D:8      | Reached XP level 10. HP: 68/100 MP: 12/12
  9348 | D:8      | Killed a centaur warrior
  9352 | D:8      | Noticed a gargoyle
  9368 | D:8      | Killed a gargoyle
  9369 | D:8      | Reached skill level 11 in Axes
  9487 | D:8      | Noticed a cyclops
  9685 | D:8      | Killed a cyclops
  9841 | D:8      | Noticed a two-headed ogre
  9854 | D:8      | Killed a two-headed ogre
 10215 | D:8      | Reached *** piety under Qazlal
 10216 | D:8      | Reached skill level 10 in Fighting
 10296 | D:8      | Reached skill level 12 in Axes
 10298 | D:8      | Noticed a cyclops
 10310 | D:8      | Killed a cyclops
 10347 | D:8      | Noticed a cyclops
 10365 | D:8      | Killed a cyclops
 10366 | D:8      | Reached XP level 11. HP: 36/111 MP: 14/14
 10746 | D:8      | Got Heaczacu's Volume of Feathers and the Oath
 10746 | D:8      | Noticed a centaur warrior
 10755 | D:8      | Killed a centaur warrior
 10913 | D:8      | Reached skill level 13 in Axes
 11351 | D:9      | Found a blossoming altar of Fedhas.
 11437 | D:9      | Reached **** piety under Qazlal
 11505 | D:9      | Noticed a two-headed ogre
 11516 | D:9      | Killed a two-headed ogre
 11913 | D:9      | Reached skill level 14 in Axes
 11932 | D:9      | Found Hutuewki's Overcharged Wands.
 12026 | D:10     | Entered Level 10 of the Dungeon
 12173 | D:10     | Found a staircase to the Orcish Mines.
 12268 | D:10     | Reached ***** piety under Qazlal
 12978 | Orc:1    | Entered Level 1 of the Orcish Mines
 12978 | Orc:1    | Noticed a two-headed ogre
 12988 | Orc:1    | Killed a two-headed ogre
 13375 | Orc:1    | Found Pak Kaat's Magic Scroll Emporium.
 13380 | Orc:1    | Reached skill level 15 in Axes
 13447 | Orc:1    | Bought a scroll of magic mapping for 45 gold pieces
 13447 | Orc:1    | Bought a scroll of blinking for 97 gold pieces
 13447 | Orc:1    | Bought a scroll of identify for 26 gold pieces
 13447 | Orc:1    | Bought a scroll of identify for 26 gold pieces
 13475 | Orc:1    | Found Jinnosi's Jewellery Shop.
 13481 | Orc:1    | Noticed an orc knight
 13484 | Orc:1    | Noticed an orc sorcerer
 13492 | Orc:1    | Reached XP level 12. HP: 115/123 MP: 16/16
 13636 | Orc:1    | Bought the ring "Leunucou" {rF+ rN+ rCorr Str+3} for 769
                  | gold pieces
 13727 | Orc:1    | Found Niegoub's Assorted Antiques.
 13751 | Orc:1    | Found Xoluahoi's Antique Weapon Emporium.
 13988 | Orc:2    | Entered Level 2 of the Orcish Mines
 14001 | Orc:2    | Noticed an orc warlord
 14222 | Orc:1    | HP: 5/123 [orc warlord/+0 broad axe (10)]
 14224 | Orc:1    | Killed an orc warlord
 14691 | Orc:2    | Reached skill level 16 in Axes
 14800 | Orc:2    | Noticed a two-headed ogre
 14804 | Orc:2    | Noticed a two-headed ogre
 14814 | Orc:2    | Killed a two-headed ogre
 14814 | Orc:2    | Noticed an ogre mage
 14819 | Orc:2    | Killed a two-headed ogre
 14829 | Orc:2    | Noticed a two-headed ogre
 15187 | Orc:2    | Paralysed by something for 3 turns
 15193 | Orc:2    | Killed an ogre mage
 15231 | Orc:2    | Noticed an ogre mage
 15242 | Orc:2    | Killed an ogre mage
 15258 | Orc:2    | Noticed an ogre mage
 15263 | Orc:2    | Killed an ogre mage
 15285 | Orc:2    | Killed a two-headed ogre
 15286 | Orc:2    | Reached skill level 17 in Axes
 15429 | Orc:2    | Noticed an ogre mage
 15434 | Orc:2    | Reached ****** piety under Qazlal
 15435 | Orc:2    | Noticed a two-headed ogre
 15438 | Orc:2    | Killed an ogre mage
 15444 | Orc:2    | Killed a two-headed ogre
 15445 | Orc:2    | Reached XP level 13. HP: 76/135 MP: 18/18
 15929 | Orc:2    | Found a staircase to the Elven Halls.
 16205 | Orc:2    | Found Coutourgh's Assorted Antiques.
 16205 | Orc:2    | Found Imerrunk's Magic Scroll Boutique.
 16206 | Orc:2    | Found Ebles's Assorted Antiques.
 16206 | Orc:2    | Found Jirph's Magic Scroll Shoppe.
 16217 | Orc:2    | Bought a scroll of enchant armour for 127 gold pieces
 16217 | Orc:2    | Bought a scroll of enchant weapon for 127 gold pieces
 16217 | Orc:2    | Bought a scroll of brand weapon for 340 gold pieces
 16500 | Elf:1    | Entered Level 1 of the Elven Halls
 17284 | Elf:1    | Noticed Zenata
 17292 | Elf:1    | Slain by a +0 morningstar of draining

Illustrated notes

Levels and vault maps discovered:
D:1:      lightli_arrival_isolated_outpost, layout_loops_ring,
          amcnicky_mini_corridor_feature
D:2:      layout_loops_corners, nicolae_ecumenical_oubliette,
          minmay_split_cup_large, uniq_crazy_yiuf_cottage, uniq_natasha
D:3:      layout_basic, serial_undead, serial_undead_e, serial_undead_f,
          serial_undead_a, serial_undead_e, hangedman_decor_slide_cut,
          nicolae_concentric_dashed_squares_mild, uniq_robin
D:4:      layout_basic, hex_tiny
D:5:      layout_basic, minmay_temple_entry_arrows, uniq_ijyb
D:6:      layout_layer_cave
D:7:      kennysheep_steamy, layout_basic, kennysheep_generic_room_9
D:8:      minmay_the_grid_octo_2x2 [minmay_the_grid_octo_concentric,
          minmay_the_grid_octo_clover, minmay_the_grid_octo_checkered,
          minmay_the_grid_octo_prize_single_spiral], layout_basic,
          enter_ossuary_1, hangedman_minor_gate_pass
D:9:      layout_rooms, fedhas_altar_2, eino_small_chamber_without_monster,
          nicolae_shop_overcharged_wands
D:10:     layout_long_grid, zombieorc1_lemuel
Temple:   minmay_crystal_snake_temple
Orc:1:    layout_diamond_mine, serial_shops, nicolae_shop_waterfront,
          nicolae_shop_waterfront, nicolae_shop_statue_plus, nicolae_square_shop
Orc:2:    st_orc_ogre_mass, layout_diamond_mine
Elf:1:    layout_geoelf_octagon, serial_shops, shop_statue, enter_trove_3,
          hangedman_elven_crosses_minicolossus, dreamdust_princess_corridor,
          minivault_16, hangedman_elven_pyramids, hangedman_elf_power_crystal,
          ebering_dispersal_statue_hall, hangedman_glass_teeth,
          eino_tiny_chamber, uniq_zenata

Skill      XL: |  1  2  3  4  5  6  7  8  9 10 11 12 13 |
---------------+----------------------------------------+-----
Armour         | 4 5 6 8 10 | 10.9
Fighting       | 4 5 6 7 9 10 11 13 14 | 14.8
Axes           | 3 4 5 6 7 8 10 12 15 17 | 17.3
Shields        | 4 5 6 |  6.4
Invocations    | 2 5 6 7 9 |  9.7
Stealth        | 1 |  1.0

Action                   |  1- 3 |  4- 6 |  7- 9 | 10-12 | 13-15 || total
-------------------------+-------+-------+-------+-------+-------++-------
Melee: War axe           |    54 |   117 |   241 |   510 |   112 ||  1034
       Headbutt          |     7 |    17 |    43 |   105 |    25 ||   197
       Peck              |       |       |    27 |   103 |    24 ||   154
Invok: Elemental Force   |       |       |       |       |     1 ||     1
  Use: Potion            |       |     7 |     8 |     7 |     1 ||    23
       Scroll            |       |     5 |    12 |     4 |     7 ||    28
Armor: Scale mail        |    17 |    77 |    73 |       |       ||   167
       Plate armour      |       |       |    75 |   185 |    28 ||   288
Dodge: Dodged            |    25 |    49 |   130 |   193 |    15 ||   412
       Repelled          |       |       |       |     2 |       ||     2
Block: Buckler           |    16 |    26 |    83 |   244 |    49 ||   418

Table legend: (Time is in decaauts)
 A = Elapsed time spent in this place.
 B = Non-inter-level travel time spent in this place.
 C = Inter-level travel time spent in this place.
 D = Time resting spent in this place.
 E = Time spent auto-exploring this place.
 F = Levels seen in this place.
 G = Mean time per level.
                   A        B        C        D        E       F      G
               +--------+--------+--------+--------+--------+-----+--------+
         Total |  17257 |  16831 |    426 |   3283 |  10862 |  14 | 1232.6 |
       Dungeon |  13021 |  12737 |    284 |   1449 |   9277 |  10 | 1302.1 |
        Temple |     40 |     24 |     16 |      0 |      8 |   1 |   40.0 |
  Orcish Mines |   3753 |   3627 |    126 |   1603 |   1487 |   2 | 1876.5 |
   Elven Halls |    442 |    442 |      0 |    231 |     90 |   1 |  442.0 |
               +--------+--------+--------+--------+--------+-----+--------+

Top non-repeatable levels by time:
   Orc:1: 2201 daAuts
     D:8: 2147 daAuts
     D:5: 1798 daAuts
     D:6: 1770 daAuts
     D:4: 1584 daAuts
   Orc:2: 1552 daAuts
     D:3: 1082 daAuts
     D:2: 1029 daAuts
     D:7: 984 daAuts
    D:10: 938 daAuts
     D:1: 925 daAuts
     D:9: 760 daAuts
   Elf:1: 442 daAuts
  Temple: 40 daAuts
